 Dungeon Crawl Stone Soup version 0.23-a0-373-g305c090 (webtiles) character file.

4 Amnesiac the Digger (level 1, 0/11 HPs)
             Began as an Octopode Earth Elementalist on Oct 25, 2018.
             Slain by a hobgoblin
             ... wielding a +0 club
              (5 damage)
             ... on level 2 of the Dungeon.
             The game lasted 00:01:21 (214 turns).

Amnesiac the Digger (Octopode Earth Elementalist)    Turns: 214, Time: 00:01:22

Health: 0/11       AC:  1    Str:  7    XL:     1   Next: 60%
Magic:  3/3        EV: 13    Int: 17    God:
Gold:   21         SH:  0    Dex: 12    Spells: 3/4 levels left

rFire    . . .     SeeInvis .   (no weapon)
rCold    . . .     Gourm    .   (no shield)
rNeg     . . .     Faith    .   (helmet restricted)
rPois    .         Spirit   .   (no amulet)
rElec    .         Reflect  .   e - +2 ring of slaying
rCorr    .         Harm     .   (no ring)
MR       .....                  (no ring)
Stlth    +++.......             (no ring)
HPRegen  0.03/turn              (no ring)
MPRegen  0.08/turn              (no ring)
                                (no ring)
                                (no ring)

@: no status effects
A: almost no armour, stealthy swim, amphibious, 8 rings, constrict 8, camouflage
1, gelatinous body 1
a: no special abilities


You were on level 2 of the Dungeon.
You were not hungry.

You visited 1 branch of the dungeon, and saw 2 of its levels.

You collected 21 gold pieces.

Inventory:

Missiles
 b - 30 stones (quivered)
Jewellery
 e - a +2 ring of slaying (left tentacle)
Scrolls
 a - a scroll of fog {!r, unknown}
Comestibles
 c - a ration
 d - a chunk of flesh


   Skills:
 - Level 2.0 Dodging
 - Level 2.6 Stealth
 + Level 2.1 Spellcasting
   Level 1.0 Transmutations
 * Level 3.2 Earth Magic


You had 3 spell levels left.
You knew the following spells:

 Your Spells              Type           Power        Failure   Level  Hunger
a - Sandblast             Erth           ##....       5%          1    #......

Your spell library contained the following spells:

 Spells                   Type           Power        Failure   Level  Hunger
 Passwall                 Tmut/Erth      #.......     12%         2    ###....
 Stone Arrow              Conj/Erth      #.....       30%         3    ###....
 Petrify                  Tmut/Erth      #.......     63%         4    #####..
 Lee's Rapid Deconstruct  Erth           ##........   82%         5    ######.


Dungeon Overview and Level Annotations

Branches:
Dungeon (2/15)

Altars:


Innate Abilities, Weirdness & Mutations

You cannot wear most types of armour.
You are very stealthy in the water. (Stealth+)
You are amphibious.
You can wear up to eight rings at the same time.
You can use your tentacles to constrict eight enemies at once.
Your skin changes colour to match your surroundings (Stealth+).
Your rubbery body absorbs attacks. (AC +1, EV +1)


Message History

The bat is severely wounded.
You constrict the bat.
You kill the bat!
No target in view!
There is an escape hatch in the floor here.
HP restored.
A bat and a kobold come into view.
The kobold shouts!
Found a stone staircase leading down.
There are monsters nearby!
There are monsters nearby!
You tentacle-slap the kobold. You grab the kobold.
The kobold is moderately wounded.
You constrict the kobold. The kobold hits you.
You tentacle-slap the kobold but do no damage.
The kobold is heavily wounded.
You constrict the kobold, but do no damage.
The kobold hits you.
You barely miss the kobold.
You squeeze the kobold, but do no damage.
The kobold is heavily wounded.
You constrict the kobold. The bat hits you but does no damage.
The kobold hits you.
* * * LOW HITPOINT WARNING * * *
You release your grip on the kobold.
The bat misses you.
You tentacle-slap the kobold but do no damage.
You grab the kobold.
The kobold is severely wounded.
You constrict the kobold.
You kill the kobold!
The bat barely misses you. The bat hits you.
* * * LOW HITPOINT WARNING * * *
You closely miss the bat. You grab the bat. You constrict the bat.
The bat misses you. The bat hits you but does no damage.
You tentacle-slap the bat but do no damage.
The bat is moderately wounded.
You constrict the bat. The bat completely misses you.
The bat escapes!
You barely miss the bat.
The bat is severely wounded.
The bat barely misses you. The bat misses you.
You tentacle-slap the bat.
You kill the bat!
You see here a bat corpse.
You butcher the bat corpse.
d - a chunk of flesh You see here a bat skeleton.
e - an encrusted ivory ring Put on which piece of jewellery? (? for menu, Esc to quit)
e - a +2 ring of slaying (left tentacle)
You start resting.
HP restored.
There is a stone staircase leading down here.
You climb downwards.
A hobgoblin comes into view. It is wielding a +0 club.
The hobgoblin shouts!
You hear a shout!
Found a cloak.
There is a stone staircase leading up here.
The hobgoblin hits you but does no damage.
You barely miss the hobgoblin. The hobgoblin hits you with a +0 club.
* * * LOW HITPOINT WARNING * * *
You closely miss the hobgoblin. You grab the hobgoblin.
You constrict the hobgoblin. The hobgoblin hits you with a +0 club.
You die...

### #.. #.####
# #.#..
#.#.#.###
##.#....^#
#........#
#..g@....#
#........#
#.....<..#
#.............
#......[###...
#.......# ..
#.......#
...####### ###


You could see a hobgoblin.

Vanquished Creatures
  2 bats (D:1)
  A kobold (D:1)
3 creatures vanquished.

Notes
Turn   | Place    | Note
-------+----------+-------------------------------------------
     0 | D:1      | Amnesiac the Octopode Earth Elementalist began the quest
                  | for the Orb.
     0 | D:1      | Reached XP level 1. HP: 11/11 MP: 3/3
   214 | D:2      | Slain by a hobgoblin

Vault maps used:
D:1:      mrwooster_arrival_statue, chequers_arboretum
D:2:      serial_aquarium, aquarium_bridge_straight, aquarium_window_2,
          aquarium_window_2, aquarium_window_2, aquarium_window_fake,
          aquarium_view_2f, bloody_trog

Action                   || total
-------------------------++-------
Melee: Unarmed           ||    13
       Constrict         ||     5
       Tentacles         ||     2
Armor: Skin              ||     5
Dodge: Dodged            ||     8

Table legend:
 A = Non-vault XP
 B = Vault XP
 C = Vault XP percentage of total XP
 D = Non-vault monster count
 E = Vault monster count
 F = Vault count percentage of total count
                 A         B        C        D         E       F
            +---------+---------+-------+---------+---------+-------
      Total |       6 |       0 |   0.0 |       3 |       0 |   0.0
            +---------+---------+-------+---------+---------+-------
        D:1 |       6 |       0 |   0.0 |       3 |       0 |   0.0
            +---------+---------+-------+---------+---------+-------
